 Dungeon Crawl Stone Soup version 0.29-a0-821-g66395355a5 (webtiles) character file.

Game seed: 7971859623433081971

22 buhh the Insei (level 2, -1/18 HPs)
             Began as an Octopode Transmuter on July 7, 2022.
             Slain by Natasha (9 damage)
             ... on level 2 of the Dungeon.
             The game lasted 00:01:42 (1829 turns).

buhh the Insei (Octopode Transmuter)                Turns: 1829, Time: 00:01:42

Health: -1/18      AC:  1    Str:  9    XL:     2   Next: 91%
Magic:  13/14      EV: 13    Int: 15    God:
Gold:   86         SH:  0    Dex: 12    Spells: 4/5 levels left

rFire   . . .      SeeInvis .     - Unarmed
rCold   + . .      Faith    .   (no shield)
rNeg    . . .      Spirit   .   (helmet currently unavailable)
rPois   .          Reflect  .   (no amulet)
rElec   .          Harm     .   h - ring of magical power
rCorr   .          Rampage  .   i - ring of protection from cold
Will    .....                   (no ring)
Stlth   +++.......              (no ring)
HPRegen 0.06/turn               (no ring)
MPRegen 0.14/turn               (no ring)
                                (no ring)
                                (no ring)

@: appendages
A: tentacle spike 3, almost no armour, amphibious, 8 rings, camouflage 1,
gelatinous body 1, (nimble swimmer 1), tentacles
a: End Transformation


You were on level 2 of the Dungeon.
One of your tentacles had grown a beastly spike.
You visited 1 branch of the dungeon, and saw 2 of its levels.

You collected 86 gold pieces.

Inventory:

Jewellery
 h - a ring of magical power (left tentacle)
 i - a ring of protection from cold (right tentacle)
Scrolls
 b - 2 scrolls of magic mapping {unknown}
 c - a scroll of identify {unknown}
 f - a scroll of fear {unknown}
Potions
 a - a potion of lignification {!d}
 d - a potion of curing {unknown}
 e - 2 potions of magic {unknown}
 g - a potion of berserk rage {unknown}
 j - a potion of flight {unknown}


   Skills:
 + Level 1.2 Fighting
 + Level 2.1 Dodging
 * Level 1.9 Stealth
 * Level 3.3 Unarmed Combat
 - Level 2.0 Spellcasting
 - Level 2.0 Transmutations
 + Level 1.0 Poison Magic


You had 4 spell levels left.
You knew the following spells:

 Your Spells              Type           Power      Damage    Failure   Level
a - Beastly Appendage     Tmut           14%        N/A       10%         1

Your spell library contained the following spells:

 Spells                   Type           Power      Damage    Failure   Level
 Wereblood                Tmut           7%         N/A       14%         2
 Spider Form              Tmut/Pois      6%         N/A       34%         3
 Ice Form                 Ice/Tmut       4%         N/A       82%         4


Dungeon Overview and Level Annotations

Branches:
Dungeon (2/15) Zot: 10174

Altars:

Annotations:
D:2 Natasha


Innate Abilities, Weirdness & Mutations

One of your tentacles has grown a beastly spike.
You cannot wear most types of armour.
You are amphibious.
You can wear up to eight rings at the same time.
Your skin changes colour to match your surroundings (Stealth+).
Your rubbery body absorbs attacks. (AC +1, EV +1)
((You are camouflaged when in or above water. (Stealth+)))
You have tentacles for arms and can constrict up to eight enemies at once.


Message History

You tentacle-slap the kobold. You grab the kobold.
You pierce the kobold.
You kill the kobold!
No target in view!
Your magical contamination has completely faded away.
Your transformation is almost over.
Your tentacle spike disappears.
You now have 76 gold pieces (gained 14).
Found an escape hatch in the floor.
i - a ring of protection from cold
i - a ring of protection from cold (right tentacle)
A rat comes into view.
You see here 10 gold pieces.
A rat is nearby!
A rat is nearby!
One of your tentacles grows a vicious spike.
The helpless rat fails to defend itself.
You tentacle-slap the rat.
You kill the rat!
No target in view!
Your transformation is almost over.
You now have 86 gold pieces (gained 10).
j - a white potion
There is an escape hatch in the floor here.
Your tentacle spike disappears.
Found a stone staircase leading down.
Natasha, Servant of Life and Death comes into view.
Found a stone staircase leading up.
Natasha is nearby!
One of your tentacles grows a vicious spike.
Natasha hisses angrily.
You barely miss Natasha. Your grab misses Natasha.
Your tentacle spike misses Natasha.
Natasha claws you!
Ouch! That really hurt!
You closely miss Natasha. Your grab misses Natasha.
You pierce Natasha.
Natasha is moderately wounded.
Natasha howls an incantation.
You feel disoriented. Natasha claws you!
Ouch! That really hurt!
You die...

#.........
#......... ##
#......... .<.
#####.. #.........
...##.....#
#........<
##........#
#.........
#.........#
#.........
........h># #.
##.......#
#.....!@.# #.
#......## #
#........# #.
#.###.#..
#..####..###
#.###.# #...# #.
#...# #.....#
#..## #.. #.#.#
#...### #..#
#..##.#.#####..#
#.#
#..........#..#
##.#
####...###.#..#
##.)#
##.>.##.#..###...#


You could see Natasha.

Vanquished Creatures
  4 endoplasms
  2 hobgoblins (D:1)
  5 kobolds
  2 quokkas (D:1)
  2 ball pythons
  2 frilled lizards
  5 rats
22 creatures vanquished.

Notes
Turn   | Place    | Note
-------+----------+-------------------------------------------
     0 | D:1      | buhh the Octopode Transmuter began the quest for the Orb.
     0 | D:1      | Reached XP level 1. HP: 13/13 MP: 3/3
   415 | D:1      | Reached XP level 2. HP: 18/18 MP: 3/5
   673 | D:1      | Found a faded altar of an unknown god.
  1824 | D:2      | Noticed Natasha
  1829 | D:2      | Slain by Natasha

Illustrated notes

Levels and vault maps discovered:
D:1:      wheals_arrival_shading, layout_loops_corners,
          shapermc_ecumenical_altar_acropolis, minivault_27,
          minmay_misc_feat_encased
D:2:      layout_rooms, uniq_natasha

Skill      XL: |  1  2 |
---------------+-------+-----
Stealth        | 1 |  1.9
Poison Magic   | 1 |  1.0
Fighting       | |  1.2
Dodging        | |  2.1
Unarmed Combat | |  3.3
Spellcasting   | |  2.0
Transmutations | |  2.0

Action                   || total
-------------------------++-------
Melee: Unarmed           ||    46
       Kick              ||    11
       Constrict         ||     9
       Tentacles         ||     4
 Cast: Beastly Appendage ||    20
  Use: Scroll            ||     1
 Stab: Sleeping          ||     6
Armor: Skin              ||     2
Dodge: Dodged            ||    17

Table legend: (Time is in decaauts)
 A = Elapsed time spent in this place.
 B = Non-inter-level travel time spent in this place.
 C = Inter-level travel time spent in this place.
 D = Time resting spent in this place.
 E = Time spent auto-exploring this place.
 F = Levels seen in this place.
 G = Mean time per level.
                   A        B        C        D        E       F      G
               +--------+--------+--------+--------+--------+-----+--------+
         Total |   1825 |   1811 |     14 |    507 |   1139 |   2 |  912.5 |
       Dungeon |   1825 |   1811 |     14 |    507 |   1139 |   2 |  912.5 |
               +--------+--------+--------+--------+--------+-----+--------+

Top non-repeatable levels by time:
     D:1: 1592 daAuts
     D:2: 233 daAuts
